 Dungeon Crawl Stone Soup version 0.26-a0-612-gd4d190f45e (webtiles) character file.

Game seed: 12807241997322546241

60 DogServant the Skirmisher (level 4, 40/40 HPs)
             Began as a Hill Orc Fighter on Sept 10, 2020.
             Quit the game on level 2 of the Dungeon.
             The game lasted 00:01:55 (1084 turns).

DogServant the Skirmisher (Hill Orc Fighter)        Turns: 1084, Time: 00:01:56

Health: 40/40      AC:  7    Str: 19    XL:     4   Next: 4%
Magic:  4/4        EV:  7    Int:  8    God:
Gold:   26         SH:  9    Dex: 10    Spells: 3/3 levels left

rFire    . . .     SeeInvis .   a - +0 war axe
rCold    . . .     Faith    .   c - +0 kite shield
rNeg     . . .     Spirit   .   b - +0 scale mail
rPois    .         Reflect  .   (no helmet)
rElec    .         Harm     .   (no cloak)
rCorr    .                      (no gloves)
MR       .....                  (no boots)
Stlth    ..........             (no amulet)
HPRegen  0.13/turn              (no ring)
MPRegen  0.09/turn              (no ring)

@: no status effects
A: no striking features
a: no special abilities


You were on level 2 of the Dungeon.
You visited 1 branch of the dungeon, and saw 2 of its levels.

You collected 26 gold pieces.

Inventory:

Hand Weapons
 a - a +0 war axe (weapon)
Armour
 b - a +0 scale mail (worn)
 c - a +0 kite shield (worn)
Magical Staves
 h - an uncursed staff of poison {unknown}
Scrolls
 e - a scroll of remove curse {unknown}
 f - 2 scrolls of identify {unknown}
Potions
 d - a potion of might
 g - a potion of ambrosia {unknown}


   Skills:
 + Level 4.2 Fighting
 + Level 3.6 Axes
 + Level 3.8 Armour
 + Level 3.8 Shields


You had 3 spell levels left.
You didn't know any spells.
Your spell library was empty.

Dungeon Overview and Level Annotations

Branches:
Dungeon (2/15)

Altars:
Ashenzari


Message History

Jessica casts a spell.
Jessica blinks!
Jessica moves out of view.
You see here a twisted runed staff.
h - a twisted runed staff
Found a scroll labeled LEOWNI SIPP.
A worm comes into view.
Jessica barely misses you.
You slash Jessica!
You kill Jessica!
Things that are here:
a +0 robe; the human corpse of Jessica You block the worm's attack.
You slash the worm!
The worm is heavily wounded.
You block the worm's attack.
You slash the worm!
You kill the worm!
You have reached level 4!
Unknown command.
Are you sure you want to abandon this character and quit the game? (Confirm with "yes".)

........# . #.#
# . ##.#####..
#.#. #<........
....####.####...
.........#
.........+
........[#
.......@.#
.........#
......?..#
.........#
.........#
.........#
.........#
.....#+#.#


There were no monsters in sight!

Vanquished Creatures
  Jessica (D:2)
  A gnoll (D:1)
  A worm (D:2)
  A dart slug (D:1)
  A leopard gecko (D:1)
  3 bats (D:1)
  A hobgoblin (D:1)
  A frilled lizard (D:1)
  6 goblins (D:1)
  5 rats (D:1)
21 creatures vanquished.

Notes
Turn   | Place    | Note
-------+----------+-------------------------------------------
     0 | D:1      | DogServant the Hill Orc Fighter began the quest for the
                  | Orb.
     0 | D:1      | Reached XP level 1. HP: 19/19 MP: 1/1
   166 | D:1      | Reached XP level 2. HP: 24/27 MP: 2/2
   246 | D:1      | Found a shattered altar of Ashenzari.
   470 | D:1      | Reached skill level 4 in Fighting
   470 | D:1      | Reached XP level 3. HP: 18/33 MP: 3/3
  1070 | D:2      | Noticed Jessica
  1078 | D:2      | Killed Jessica
  1083 | D:2      | Reached XP level 4. HP: 40/40 MP: 4/4
  1084 | D:2      | Quit the game

Illustrated notes

Levels and vault maps discovered:
D:1:      roderic_octagonal_star, layout_basic, roderic_serpentine_path,
          ashenzari_altar_1
D:2:      layout_basic, grunt_gozag_breadcrumbs, uniq_jessica

Skill      XL: |  1  2 |
---------------+-------+-----
Axes           | 3 |  3.6
Fighting       | 4 |  4.2
Armour         | |  3.8
Shields        | |  3.8

Action                   |  1- 3 |  4- 6 || total
-------------------------+-------+-------++-------
Melee: War axe           |    63 |       ||    63
Armor: Scale mail        |    30 |       ||    30
Dodge: Dodged            |    15 |       ||    15
Block: Kite shield       |    37 |       ||    37

Table legend: (Time is in decaauts)
 A = Elapsed time spent in this place.
 B = Non-inter-level travel time spent in this place.
 C = Inter-level travel time spent in this place.
 D = Time resting spent in this place.
 E = Time spent auto-exploring this place.
 F = Levels seen in this place.
 G = Mean time per level.
                   A        B        C        D        E       F      G
               +--------+--------+--------+--------+--------+-----+--------+
         Total |   1110 |   1099 |     11 |      0 |    915 |   2 |  555.0 |
       Dungeon |   1110 |   1099 |     11 |      0 |    915 |   2 |  555.0 |
               +--------+--------+--------+--------+--------+-----+--------+

Top non-repeatable levels by time:
     D:1: 1094 daAuts
     D:2: 16 daAuts
